 Dungeon Crawl Stone Soup version 0.31.0-12-g77e489cdc1 (webtiles) character file.

Game seed: 4509534506642672938

604 hawla the Protected (level 7, 0/57 HPs)
             Began as a Minotaur Fighter on Mar 6, 2024.
             Slain by a gnoll
             ... wielding a +0 halberd
              (8 damage)
             ... on level 5 of the Dungeon on Mar 7, 2024.
             The game lasted 00:08:08 (4322 turns).

hawla the Protected (Minotaur Fighter)              Turns: 4322, Time: 00:08:09

Health: 0/57       AC: 11    Str: 25    XL:     7   Next: 18%
Magic:  15/15      EV:  8    Int:  2    God:
Gold:   225        SH:  8    Dex: 10    Spells: 6/6 levels left

rFire   . . .        a - +0 long sword
rCold   . . .        f - +0 kite shield
rNeg    . . .        l - +0 chain mail
rPois   .            (helmet restricted)
rElec   .            (no cloak)
rCorr   .            (no gloves)
SInv    .            (no boots)
Will    .....        (no amulet) Stlth
                     g - ring of magical power
HPRegen 0.29/turn    (no ring)
MPRegen 0.14/turn

%: no passive effects
@: no status effects
A: horns 2, retaliatory headbutt, dopey 1, screaming 1, strong 1
a: no special abilities


You were on level 5 of the Dungeon.
You visited 1 branch of the dungeon, and saw 5 of its levels.

You collected 225 gold pieces.

Inventory:

Hand Weapons
 a - a +0 long sword (weapon)
Armour
 f - a +0 kite shield (worn)
 l - a +0 chain mail (worn)
Jewellery
 g - a ring of magical power (left hand)
Scrolls
 b - a scroll of enchant armour {unknown}
 e - 4 scrolls of teleportation
 h - a scroll of amnesia {unknown}
 i - a scroll of blinking
Potions
 c - a potion of magic
 d - a potion of might
 j - a potion of enlightenment {unknown}


   Skills:
 - Level 3.6 Fighting
 - Level 2.4 Long Blades
 + Level 9.1 Armour
 - Level 2.0 Dodging
 - Level 5.0 Shields


You had 6 spell levels left.
You didn't know any spells.
Your spell library was empty.

Dungeon Overview and Level Annotations

Branches:
Dungeon (5/15)
 Temple: D:4-7

Altars:
Cheibriados
Dithmenos
Fedhas
Gozag
Hepliaklqana
Makhleb
Nemelex Xobeh
Okawaru
Ru
Wu Jian


Innate Abilities, Weirdness & Mutations

You have a pair of horns on your head.
You reflexively headbutt those who attack you in melee.
You are dopey. (Int -2)
You occasionally shout uncontrollably at your foes.
Your muscles are strong. (Str +4, Int/Dex -1)


Message History

You hit the gnoll but do no damage.
The gnoll is severely wounded.
The gnoll hits you with a +0 club. You block the gnoll's attack.
The gnoll barely misses you.
You closely miss the gnoll.
The gnoll is lightly wounded.
The gnoll barely misses you. The gnoll misses you. You furiously retaliate!
You headbutt the gnoll!
You kill the gnoll!
The gnoll hits you but does no damage.
You barely miss the gnoll.
The gnoll is lightly wounded.
The gnoll closely misses you. You block the gnoll's attack.
The gnoll hits you from afar with a +0 halberd!
The gnoll barely misses you.
You barely miss the gnoll.
The gnoll is lightly wounded.
You block the gnoll's attack. The gnoll hits you but does no damage.
You hit the gnoll. Your headbutt misses the gnoll.
The gnoll is severely wounded.
The gnoll hits you from afar with a +0 halberd!
You block the gnoll's attack.
You completely miss the gnoll. Your headbutt misses the gnoll.
The gnoll is severely wounded.
The gnoll hits you but does no damage. The gnoll barely misses you.
The gnoll hits you from afar with a +0 halberd!
The gnoll closely misses you.
You slash the gnoll!
You kill the gnoll!
The gnoll barely misses you. The gnoll attacks as it pursues you!
The gnoll barely misses you. The gnoll hits you with a +0 halberd.
* * * LOW HITPOINT WARNING * * *
You completely miss the gnoll. You block the gnoll's attack.
The gnoll hits you with a +0 halberd!
* * * LOW HITPOINT WARNING * * *
You hit the gnoll.
The gnoll is heavily wounded.
The gnoll hits you with a +0 halberd!
You die...

.#...# .... ##....#
#..>..# #............
#.....## ......#
...........# ##......#
.......# #..........
##.......#
........##.........#
#........## ........#
#........ ##.........#
........# #!......#
#..........# ......<.
#...)g.# ##..........#
....... #...)@##
#...........# ......
#...#....###...........#
..... .
####...............#
####............#
#........[..##
##...........#
#...........##
###.........#
###.......#


You could see a gnoll.

Vanquished Creatures
  2 ogres (D:5)
  A jelly (D:5)
  An orc priest (D:3)
  2 orc wizards (D:4)
  Natasha (thrice) (D:2)
  7 gnolls
  8 adders
  5 dart slugs
  17 orcs
  8 ball pythons
  6 bats
  8 endoplasms
  4 giant cockroaches
  3 goblins
  6 hobgoblins
  2 quokkas
  6 frilled lizards
  8 kobolds
  4 rats
101 creatures vanquished.

Notes
Turn   | Place    | Note
-------+----------+-------------------------------------------
     0 | D:1      | hawla the Minotaur Fighter began the quest for the Orb.
     0 | D:1      | Reached XP level 1. HP: 19/19 MP: 0/0
    94 | D:1      | Reached skill level 1 in Dodging
   127 | D:1      | Reached XP level 2. HP: 17/26 MP: 1/1
   547 | D:1      | Reached XP level 3. HP: 31/31 MP: 2/2
   782 | D:2      | Found a faded altar of an unknown god.
   844 | D:2      | Reached skill level 5 in Shields
   940 | D:2      | Reached skill level 4 in Armour
   943 | D:2      | Reached XP level 4. HP: 18/39 MP: 3/3
  1408 | D:2      | Reached skill level 5 in Armour
  1425 | D:2      | Identified the +5 whip of Popular Demand {drain, Dex+2}
  1453 | D:2      | Noticed Natasha
  1459 | D:2      | Killed Natasha
  1518 | D:2      | Reached XP level 5. HP: 45/45 MP: 4/4
  1756 | D:2      | Noticed Natasha
  1762 | D:2      | Killed Natasha
  1802 | D:2      | Noticed Natasha
  1807 | D:2      | Killed Natasha
  1808 | D:2      | Reached skill level 6 in Armour
  1935 | D:3      | Found a burning altar of Makhleb.
  1971 | D:3      | Found an ornate altar of the Wu Jian Council.
  2256 | D:3      | Found a shadowy altar of Dithmenos.
  2257 | D:3      | Found a hazy altar of Hepliaklqana.
  2259 | D:3      | Noticed a shadow
  2520 | D:3      | Found an opulent altar of Gozag.
  2520 | D:3      | Found a sparkling altar of Nemelex Xobeh.
  2604 | D:4      | Gained mutation: You are dopey. (Int -2) [potion of
                  | mutation]
  2604 | D:4      | Gained mutation: You occasionally shout uncontrollably at
                  | your foes. [potion of mutation]
  2604 | D:4      | Gained mutation: Your muscles are strong. (Str +4, Int/Dex
                  | -1) [potion of mutation]
  2920 | D:4      | Found a sacrificial altar of Ru.
  2930 | D:4      | Reached skill level 7 in Armour
  2930 | D:4      | Reached XP level 6. HP: 51/51 MP: 5/5
  3150 | D:4      | Found an iron altar of Okawaru.
  3299 | D:4      | Found a blossoming altar of Fedhas.
  3672 | D:5      | Entered Level 5 of the Dungeon
  3753 | D:5      | Reached skill level 8 in Armour
  4158 | D:5      | Found a snail-covered altar of Cheibriados.
  4225 | D:5      | Reached XP level 7. HP: 57/57 MP: 6/6
  4309 | D:5      | Reached skill level 9 in Armour
  4322 | D:5      | Slain by a gnoll

Illustrated notes

Levels and vault maps discovered:
D:1:      lightli_arrival_boilingwater, layout_loops_ring,
          dreamdust_mushroom_princess, amcnicky_mini_corridor_feature
D:2:      layout_loops_ring, serial_forest, infiniplex_forest_join,
          infiniplex_forest_clump_large, infiniplex_forest_straight_2,
          infiniplex_forest_straight_3, infiniplex_forest_clump_small,
          infiniplex_forest_lined_3_way, infiniplex_forest_clump_long,
          ebering_ecumenical_altar_box, uniq_natasha
D:3:      layout_basic, grunt_temple_overflow_opulence,
          riverfiend_overflow_shadow_ancestor,
          mainiacjoe_overflow_large_starburst, kennysheep_cross_room
D:4:      layout_basic, general_overflow_altar,
          nicolae_ru_great_annihilating_truth, okawaru_altar_gauntlet_db
D:5:      layout_cave_pods, cheibriados_altar_1, moated_statue,
          nicolae_take_the_stairs

Skill      XL: |  1  2  3  4  5  6  7 |
---------------+----------------------+-----
Dodging        | 1 2 |  2.0
Shields        | 4 5 |  5.0
Armour         | 4 5 7 8 9 |  9.1
Fighting       | |  3.6
Long Blades    | |  2.4

Action                     |  1- 3 |  4- 6 |  7- 9 || total
---------------------------+-------+-------+-------++-------
  Melee: Long sword        |    83 |   215 |    13 ||   311
         Headbutt          |    13 |    45 |     1 ||    59
    Use: Scroll            |     2 |     2 |       ||     4
         Potion            |       |     6 |       ||     6
   Stab: Paralysed         |       |     1 |       ||     1
         Invisible         |       |     1 |       ||     1
 Armour: Scale mail        |    70 |   104 |       ||   174
         Chain mail        |       |    26 |    14 ||    40
  Dodge: Dodged            |    65 |    58 |    14 ||   137
  Block: Buckler           |    18 |     5 |       ||    23
         Kite shield       |       |    78 |    15 ||    93
